 Dungeon Crawl Stone Soup version 0.18-a0-1731-g08f49a8 (webtiles) character file.

25604 Bigslacks the Nimble (level 13, -4/74 HPs)
             Began as an Octopode Assassin on Apr 10, 2016.
             Was the Champion of Cheibriados.
             Slain by an eight-headed hydra (11 damage)
             ... on level 5 of the Lair of Beasts.
             The game lasted 00:56:33 (16875 turns).

Bigslacks the Nimble (Octopode Assassin)           Turns: 16875, Time: 00:56:33

Health: -4/74      AC:  5    Str: 34    XL:     13   Next: 20%
Magic:  35/37      EV: 36    Int: 32    God:    Cheibriados [******]
Gold:   314        SH: 12    Dex: 37    Spells: 2 memorised, 12 levels left

rFire  . . .     SeeInvis .       - Unarmed
rCold  + + .     Gourm    .     v - +0 buckler
rNeg   . . .     Faith    .     (helmet restricted)
rPois  +         Spirit   .     q - +4 amulet of reflection
rElec  .         Dismiss  .     z - ring of Aqanuafy {+Inv EV+6 Dex+6}
rCorr  .         Reflect  +     L - ring of Xom's Generosity {MP+9 AC+2 Int+3 Dex+4}
SustAt .         Harm     .     o - ring of poison resistance
MR     +....                    P - ring of magical power
Stlth  +++++++...               m - ring of protection from cold
                                G - ring of protection from magic
                                s - +5 ring of strength
                                i - ring of stealth

@: regenerating, very slow, somewhat resistant to hostile enchantments,
extremely stealthy
A: almost no armour, amphibious, 8 rings, constrict 8, tentacle spike 2, thin
metallic scales 1, camouflage 1, clumsy 1, cold resistance 1, high mp 1,
gelatinous body 1
a: Bend Time, Temporal Distortion, Slouch, Step From Time, Renounce Religion,
Evoke Invisibility


You were on level 5 of the Lair of Beasts.
You worshipped Cheibriados.
Cheibriados was exalted by your worship.
You were not hungry.

You visited 3 branches of the dungeon, and saw 17 of its levels.
You also visited: Bailey.

You collected 1608 gold pieces.
You spent 1294 gold pieces at shops.

Inventory:

Hand Weapons
 b - a +1 blowgun
Missiles
 c - 40 poisoned needles
 d - 2 curare-tipped needles
 l - 3 needles of confusion
 I - 7 tomahawks (quivered)
Armour
 v - a +0 buckler (worn)
Jewellery
 i - a ring of stealth (on tentacle)
 m - a ring of protection from cold (on tentacle)
 o - a ring of poison resistance (on tentacle)
 q - a +4 amulet of reflection (around mantle)
 s - a +5 ring of strength (on tentacle)
 u - an uncursed ring of ice
 y - an uncursed ring of stealth
 z - the ring of Aqanuafy (left tentacle) {+Inv EV+6 Dex+6}
   (You found it on level 6 of the Dungeon)

   [ring of evasion]

   It affects your evasion (+6).
   It affects your dexterity (+6).
   It lets you turn invisible.
 B - an uncursed ring of fire
 G - a ring of protection from magic (on tentacle)
 L - the ring of Xom's Generosity (right tentacle) {MP+9 AC+2 Int+3 Dex+4}
   (You bought it in a shop on level 4 of the Dungeon)

   [ring of protection]

   It affects your AC (+2).
   It affects your intelligence (+3).
   It affects your dexterity (+4).
   It affects your magic capacity (+9).
 P - a ring of magical power (on tentacle)
Wands
 e - a wand of digging (19/24)
 S - a wand of iceblast (5/15)
Scrolls
 n - 3 scrolls of teleportation
 w - a scroll of amnesia
 x - a scroll of magic mapping
 D - a scroll of identify
 M - 2 scrolls of blinking
 N - 7 scrolls of remove curse
Potions
 j - 6 potions of curing
 k - 2 potions of heal wounds
 p - 2 potions of might
 r - 2 potions of flight
 t - a potion of cancellation
 T - 2 potions of ambrosia {unknown}
Books
 C - a book of Battle

   Spells                             Type                      Level
   a - Infusion                       Charms                       1
   b - Shroud of Golubria             Charms/Translocation         2
   c - Song of Slaying                Charms                       2
   d - Spectral Weapon                Hexes/Charms                 3
   e - Regeneration                   Charms/Necromancy            3
 F - a Young Poisoner's Handbook

   Spells                             Type                      Level
   a - Sting                          Conjuration/Poison           1
   b - Cure Poison                    Poison                       2
   c - Mephitic Cloud                 Conjuration/Poison/Air       3
   d - Olgreb's Toxic Radiance        Poison                       4
   e - Venom Bolt                     Conjuration/Poison           5
Comestibles
 a - 8 chunks of flesh
 f - 9 bread rations
 g - 2 beef jerkies
 h - 9 meat rations
 A - a royal jelly
 H - a slice of pizza
 J - 14 fruits


   Skills:
 - Level 2.0 Fighting
   Level 7.0 Short Blades
 - Level 5.9 Throwing
 * Level 12.4 Dodging
 - Level 5.3 Stealth
 - Level 5.3 Shields
 * Level 12.2 Unarmed Combat
 - Level 3.2 Spellcasting
 + Level 4.7 Charms
 + Level 4.5 Necromancy
 + Level 2.4 Ice Magic


You had 12 spell levels left.
You knew the following spells:

 Your Spells              Type           Power        Failure   Level  Hunger
a - Regeneration          Chrm/Necr      #####.....   3%          3    ##.....
b - Ozocubu's Armour      Chrm/Ice       ####....     6%          3    ##.....


Dungeon Overview and Level Annotations

Branches:
Dungeon (11/15)            Temple (1/1) D:7            Lair (5/8) D:9
  Snake (0/4) Lair:3          Orc (0/2) D:10
  Swamp: Lair:3-6    Shoals: Lair:3-6

Altars:
Ashenzari
Cheibriados
Dithmenos
Elyvilon
Fedhas
Gozag
Kikubaaqudgha
Makhleb
Nemelex Xobeh
Okawaru
Pakellas
Qazlal
Ru
Sif Muna
Trog
Vehumet
Xom
Yredelemnul
Zin
The Shining One

Shops:
D:4 %%=   D:7 (   D:9 :

Annotations:
D:4 seba5609's ghost, amateur HuSk
D:7 Pikel
Lair:3 Harold
Lair:4 exclusions: 4 death yaks and hydra


Innate Abilities, Weirdness & Mutations

You cannot wear most types of armour.
You are amphibious.
You can wear up to eight rings at the same time.
You can use your tentacles to constrict eight enemies at once.
Your skin changes colour to match your surroundings (Stealth).
Your rubbery body absorbs attacks (AC +1).
One of your tentacles bears a nasty spike.
You are partially covered in thin metallic scales (AC +2).
You are clumsy. (Dex -2)
Your flesh is cold resistant.
You have an increased reservoir of magic (+10% MP).


Message History

You block the eight-headed hydra's attack.
The eight-headed hydra completely misses you.
The eight-headed hydra closely misses you.
The eight-headed hydra completely misses you. x2
The eight-headed hydra closely misses you.
You block the eight-headed hydra's attack.
A crocodile comes into view.
Huge Dmg: -24%(-18hp) hp: 2%(1hp) Drink which item? (? for menu, Esc to quit)
You feel much better. The yak closely misses you. x2
The crocodile moves out of view.
You block the eight-headed hydra's attack.
The eight-headed hydra bites you!
* * * LOW HITPOINT WARNING * * *
The eight-headed hydra bites you!
* * * LOW HITPOINT WARNING * * *
The eight-headed hydra completely misses you.
You block the eight-headed hydra's attack. x2
The eight-headed hydra misses you. The eight-headed hydra bites you!
You die...

.........
##.......#
#........####
##?..........##
.........P.....
.............
.......PP.#
......P@..#
.....$YYD...PP.
.............P.
...[.P......P..
...............
...............
...............
...............


You could see an eight-headed hydra and 2 yaks.

Vanquished Creatures
  Josephine (D:9)
  A fire dragon (Lair:4)
  2 hydras
  Urug (D:10)
  A necromancer (D:9)
  A hill giant (D:9)
  An orc knight (Bailey)
  4 elephants (Lair:2)
  A black mamba (Lair:2)
  5 spiny frogs
  4 komodo dragons
  A two-headed ogre (D:9)
  A polar bear (Lair:4)
  8 blink frogs
  2 flying skulls (D:9)
  A shadow (D:9)
  11 yaks
  2 wyverns
  2 fire bats (Lair:4)
  A fire elemental (Lair:4)
  11 hippogriffs
  A hungry ghost (D:4)
  A basilisk (Lair:2)
  Edmund (D:5)
  3 nagas (Lair:3)
  7 orc warriors
  2 hell hounds (D:9)
  7 porcupines
  9 water moccasins
  3 ice beasts
  7 necrophages
  3 phantoms
  A wasp (D:9)
  3 sky beasts
  2 ogres
  6 centaurs
  6 wolves (Lair:4)
  2 big kobolds (D:9)
  6 crocodiles
  15 giant frogs
  A gnoll sergeant (D:9)
  A wyvern skeleton (D:9)
  4 scorpions
  A water moccasin skeleton (D:9)
  10 killer bees
  An electric eel (Lair:2)
  4 wights (D:9)
  2 howler monkeys
  7 crimson imps
  3 centaur zombies
  2 giant frog zombies
  3 orc priests
  9 orc wizards
  6 hounds
  A jelly (D:5)
  6 centaur skeletons
  3 giant frog skeletons
  Terence (D:3)
  Jessica (D:3)
  6 iguanas
  Ijyb (D:3)
  7 worker ants
  6 sheep (Lair:4)
  2 hound skeletons (D:9)
  2 hound zombies
  5 worker ant zombies
  10 gnolls
  11 adders
  17 river rats (Lair:1)
  A shadow imp (D:8)
  2 adder skeletons (D:9)
  5 worms
  A dart slug (D:1)
  5 giant geckos
  41 orcs
  3 giant cockroaches (D:3)
  8 hobgoblins
  16 jackals
  24 kobolds
  7 quokkas
  6 bats
  9 giant newts
  15 goblins
  A jackal zombie (D:9)
  A quokka skeleton (D:6)
  5 rats
430 creatures vanquished.

Vanquished Creatures (others)
  3 kobolds (Bailey)
  A fungus (Lair:4)
  4 plants
8 creatures vanquished.

Grand Total: 438 creatures vanquished

Notes
Turn   | Place    | Note
--------------------------------------------------------------
     0 | D:1      | Bigslacks the Octopode Assassin began the quest for the Orb.
     0 | D:1      | Reached XP level 1. HP: 14/14 MP: 1/1
   110 | D:1      | Huge Dmg: 5 dmg
   110 | D:1      | Reached XP level 2. HP: 12/19 MP: 2/2
   112 | D:1      | Huge Dmg: 4 dmg
   546 | D:1      | Huge Dmg: 5 dmg
   775 | D:2      | Reached XP level 3. HP: 24/24 MP: 3/3
   900 | D:2      | Huge Dmg: 6 dmg
  1069 | D:2      | Noticed a moth of wrath
  1072 | D:2      | Found a bloodstained altar of Trog.
  1234 | D:2      | Reached XP level 4. HP: 29/29 MP: 4/4
  1665 | D:2      | Found a burning altar of Makhleb.
  1772 | D:3      | Huge Dmg: 7 dmg
  1774 | D:3      | Reached XP level 5. HP: 22/34 MP: 5/5
  2018 | D:3      | Noticed Terence
  2074 | D:3      | Noticed Jessica
  2077 | D:3      | Killed Jessica
  2088 | D:3      | Gained mutation: You are weak. (Str -2) [potion of mutation]
  2088 | D:3      | Gained mutation: You have an increased reservoir of magic (+10% MP). [potion of mutation]
  2177 | D:3      | Huge Dmg: 6 dmg
  2184 | D:3      | Huge Dmg: 5 dmg
  2186 | D:3      | Huge Dmg: 5 dmg
  2400 | D:3      | Noticed Ijyb
  2645 | D:3      | Killed Terence
  2645 | D:3      | Reached XP level 6. HP: 38/39 MP: 6/6
  2734 | D:3      | Huge Dmg: 9 dmg
  2739 | D:3      | Huge Dmg: 9 dmg
  2784 | D:3      | Huge Dmg: 6 dmg
  2788 | D:3      | Huge Dmg: 6 dmg
  3098 | D:3      | Huge Dmg: 9 dmg
  3104 | D:3      | Found a deep blue altar of Sif Muna.
  3471 | D:3      | Killed Ijyb
  3471 | D:3      | Reached skill level 5 in Short Blades
  3518 | D:4      | Noticed a phantom
  3543 | D:3      | Huge Dmg: 8 dmg
  3545 | D:3      | Huge Dmg: 8 dmg
  3557 | D:3      | Huge Dmg: 4 dmg
  3558 | D:3      | Killed a phantom
  3780 | D:4      | Reached XP level 7. HP: 29/45 MP: 7/7
  3946 | D:4      | Found Gydariok's Food Boutique.
  3946 | D:4      | Noticed a hungry ghost
  4019 | D:4      | Reached skill level 5 in Dodging
  4069 | D:4      | Lost mutation: You are weak. (Str -2) [potion of mutation]
  4069 | D:4      | Gained mutation: You are partially covered in thin metallic scales (AC +2). [potion of mutation]
  4069 | D:4      | Gained mutation: You are clumsy. (Dex -2) [potion of mutation]
  4129 | D:4      | Huge Dmg: 7 dmg
  4318 | D:4      | Gained mutation: One of your tentacles bears a spike. [potion of mutation]
  4318 | D:4      | Gained mutation: Your flesh is cold resistant. [potion of mutation]
  4504 | D:4      | Found a white marble altar of Elyvilon.
  4505 | D:4      | Found Peucus's Jewellery Emporium.
  4691 | D:4      | Found Qoel's Food Shoppe.
  4937 | D:4      | Noticed seba5609's ghost (amateur HuSk)
  5241 | D:5      | Entered Level 5 of the Dungeon
  5245 | D:5      | Reached XP level 8. HP: 50/50 MP: 8/8
  5455 | D:5      | Noticed Edmund
  5487 | D:5      | Killed Edmund
  5817 | D:5      | Huge Dmg: 7 dmg
  5819 | D:5      | Huge Dmg: 6 dmg
  5836 | D:5      | Huge Dmg: 9 dmg
  5877 | D:5      | Huge Dmg: 11 dmg
  6166 | D:5      | Reached skill level 1 in Shields
  6392 | D:5      | Found a basalt altar of Yredelemnul.
  6464 | D:5      | Reached skill level 1 in Unarmed Combat
  6803 | D:6      | Got a faintly glowing glass ring
  6929 | D:6      | Identified the ring of Aqanuafy {+Inv EV+6 Dex+6} (You found it on level 6 of the Dungeon)
  7126 | D:6      | Reached XP level 9. HP: 54/54 MP: 9/9
  7187 | D:6      | Found a blossoming altar of Fedhas.
  7251 | D:6      | Reached skill level 5 in Unarmed Combat
  7694 | D:7      | Found Hicu's Antique Weapon Boutique.
  7732 | D:7      | Found a glowing golden altar of the Shining One.
  7786 | D:7      | Huge Dmg: 13 dmg
  7788 | D:7      | Huge Dmg: 15 dmg
  8176 | D:4      | Bought the ring of Xom's Generosity {MP+9 AC+2 Int+3 Dex+4} for 380 gold pieces
  8385 | D:7      | Found a staircase to the Ecumenical Temple.
  8386 | D:7      | Noticed Pikel
  8567 | Temple   | Entered the Ecumenical Temple
  8739 | Temple   | Became a worshipper of Cheibriados the Contemplative
  8844 | D:8      | Huge Dmg: 17 dmg
  8973 | D:8      | Huge Dmg: 13 dmg
  8975 | D:8      | Huge Dmg: 20 dmg
  8977 | D:8      | Reached skill level 5 in Shields
  9334 | D:8      | Reached XP level 10. HP: 52/60 MP: 11/11
  9469 | D:8      | Reached * piety under Cheibriados
  9492 | D:8      | Gained mutation: One of your tentacles bears a nasty spike. [potion of beneficial mutation]
  9696 | D:8      | Found an iron altar of Okawaru.
 10053 | D:8      | Huge Dmg: 19 dmg
 10059 | D:7      | Huge Dmg: 12 dmg
 10063 | D:7      | Reached ** piety under Cheibriados
 10616 | D:9      | Noticed Josephine
 10626 | D:9      | Huge Dmg: 13 dmg
 10630 | D:9      | Huge Dmg: 30 dmg
 10631 | D:9      | Noticed a necromancer
 10846 | D:9      | Killed a necromancer
 10873 | D:9      | You fall through a shaft for 2 floors!
 10903 | D:10     | Entered Level 10 of the Dungeon
 10906 | D:10     | Noticed Urug
 10936 | D:10     | Killed Urug
 10936 | D:10     | Reached *** piety under Cheibriados
 10936 | D:10     | Reached skill level 5 in Throwing
 10936 | D:10     | Reached XP level 11. HP: 64/64 MP: 12/12
 10956 | D:10     | Noticed an orc knight
 10973 | D:10     | Found a staircase to the Orcish Mines.
 10979 | D:10     | Noticed a hill giant
 11009 | D:10     | Found a flagged portal.
 11015 | D:10     | Noticed a hill giant
 11017 | Bailey   | Entered a bailey
 11095 | Bailey   | Noticed an orc knight
 11110 | Bailey   | Killed an orc knight
 11135 | Bailey   | Found a burning altar of Makhleb.
 11209 | D:9      | Found a shadowy altar of Dithmenos.
 11229 | D:9      | Killed a hill giant
 11229 | D:9      | Reached skill level 10 in Dodging
 11242 | D:9      | Reached **** piety under Cheibriados
 11305 | D:9      | Found a staircase to the Lair.
 11317 | Lair:1   | Entered Level 1 of the Lair of Beasts
 11372 | Lair:1   | Huge Dmg: 17 dmg
 11461 | Lair:1   | Reached skill level 10 in Unarmed Combat
 11481 | Lair:1   | Learned a level 3 spell: Regeneration
 11584 | Lair:1   | Reached skill level 1 in Charms
 11596 | Lair:1   | Reached skill level 1 in Necromancy
 11635 | Lair:1   | Reached ***** piety under Cheibriados
 12002 | Lair:2   | Reached skill level 1 in Spellcasting
 12450 | Lair:2   | Reached XP level 12. HP: 51/70 MP: 15/15
 13161 | Lair:3   | Noticed Harold
 13334 | Lair:3   | Noticed a seven-headed hydra
 13339 | Lair:3   | Huge Dmg: 34 dmg
 13341 | Lair:3   | Huge Dmg: 26 dmg
 13341 | Lair:3   | Killed a seven-headed hydra
 13706 | Lair:2   | Huge Dmg: 12 dmg
 14254 | D:9      | Reached ****** piety under Cheibriados
 14274 | D:9      | Found Weutikluat's Book Shoppe.
 14609 | D:9      | Killed Josephine
 14688 | D:9      | Found a glowing silver altar of Zin.
 14928 | D:4      | Bought a +5 ring of strength for 494 gold pieces
 15168 | D:9      | Bought a book of Frost for 420 gold pieces
 15178 | D:9      | Learned a level 3 spell: Ozocubu's Armour
 15425 | Lair:3   | Found a staircase to the Snake Pit.
 15528 | Lair:4   | Noticed a six-headed hydra
 15537 | Lair:4   | Killed a six-headed hydra
 15537 | Lair:4   | Reached skill level 1 in Ice Magic
 15749 | Lair:4   | Noticed a death yak
 15749 | Lair:4   | Noticed a death yak
 15752 | Lair:4   | Noticed a death yak
 15825 | Lair:4   | Noticed a fire dragon
 15830 | Lair:4   | Huge Dmg: 22 dmg
 15839 | Lair:4   | Killed a fire dragon
 15843 | Lair:4   | Reached XP level 13. HP: 32/74 MP: 19/19
 16379 | Lair:4   | Huge Dmg: 17 dmg
 16871 | Lair:5   | Huge Dmg: 20 dmg
 16873 | Lair:5   | Huge Dmg: 9 dmg
 16874 | Lair:5   | Huge Dmg: 8 dmg
 16874 | Lair:5   | HP: 1/74 [eight-headed hydra (18)]
 16875 | Lair:5   | Huge Dmg: 18 dmg
 16875 | Lair:5   | Slain by an eight-headed hydra

Vault maps used:
D:1:      co_arrival_random_square_maze, corexii_corridor_pit
D:2:      makhleb_grotto_becter, first_bread, tgw_trog
D:3:      kennysheep_the_goblin_king, tgw_sif, uniq_jessica, uniq_terence
D:4:      elyvilon_altar_5, serial_shops, nicolae_shop_scaring_up_business,
          shop, shop
D:5:      lemuel_coloured_pillars_altar, uniq_edmund
D:6:      kennysheep_mini_moat
D:7:      old_standard_altar, minmay_temple_entry_poolview, serial_shops,
          nicolae_shop_overgrown_old_shop, uniq_pikel
D:8:      nicolae_overflow_hidden_temple
D:9:      hangedman_screamer, grunt_dithmenos_smoke_and_mirrors,
          lemuel_round_altar, minmay_lair_entry_lava, serial_shops,
          kennysheep_little_box, minmay_misc_feat_tiny
D:10:     orc_david_3, serial_undead, serial_undead_a, serial_undead_b,
          serial_undead_d, serial_undead_a, serial_undead_c, serial_undead_d,
          serial_undead_e, serial_undead_e, serial_undead_c, serial_undead_c,
          enter_bailey_1, uniq_urug
Temple:   oiseaux_autumnal_temple_12
Lair:1:   serial_bayou_pond_d
Lair:2:   serial_bayou_pond_c, infiniplex_staircase_pool
Lair:3:   guppyfry_snake_entry_island, lemuel_fruit_tree, uniq_harold
Lair:4:   dragon1_lemuel, st_stairs_10, grunt_megastairs_1
Lair:5:   portal_ice_cave_entry_pillars_02, grunt_megastairs_3, uniq_maud,
          uniq_kirke
Bailey:   bailey_axe_3, bailey

Skill      XL: |  1  2  3  4  5  6  7  8  9 10 11 12 13 |
---------------+----------------------------------------+-----
Dodging        | 2 3 4 6 7 9 11 12 | 12.4
Short Blades   | 3 4 5 6 7 |  7.0
Shields        | 3 5 |  5.3
Unarmed Combat | 4 7 9 10 11 12 | 12.2
Throwing       | 3 5 |  5.9
Charms         | 2 4 |  4.7
Necromancy     | 2 4 |  4.5
Spellcasting   | 1 3 |  3.2
Ice Magic      | 1 2 |  2.4
Fighting       | |  2.0
Stealth        | |  5.3

Action                   |  1- 3 |  4- 6 |  7- 9 | 10-12 | 13-15 || total
-------------------------+-------+-------+-------+-------+-------++-------
Melee: Dagger            |    63 |   170 |   242 |    11 |       ||   486
       Unarmed           |       |       |   146 |   615 |    75 ||   836
 Fire: Blowgun           |       |     6 |    10 |    11 |       ||    27
Throw: Tomahawk          |       |       |       |     4 |       ||     4
 Cast: Regeneration      |       |       |       |     3 |     4 ||     7
       Ozocubu's Armour  |       |       |       |     1 |     2 ||     3
  Use: Scroll            |     3 |     4 |     9 |    12 |       ||    28
       Potion            |       |     1 |     3 |     2 |     2 ||     8
 Stab: Sleeping          |     9 |     4 |    21 |    30 |     7 ||    71
       Confused          |       |       |     1 |       |       ||     1
       Distracted        |       |       |       |     4 |     1 ||     5
  Eat: Chunk             |     1 |     7 |    17 |    12 |     3 ||    40
       Pizza             |       |       |     1 |       |       ||     1
